 Dungeon Crawl Stone Soup version 0.23-a0-269-g65e0026 (webtiles) character file.

169 mhoghedin the Bolt Thrower (level 5, -2/32 HPs)
             Began as a Kobold Hunter on Sept 30, 2018.
             Was an Initiate of Qazlal.
             Slain by a kobold
             ... wielding a +2 dagger of freezing
              (6 damage)
             ... on level 2 of the Dungeon.
             The game lasted 00:04:05 (2024 turns).

mhoghedin the Bolt Thrower (Kobold Hunter)          Turns: 2024, Time: 00:04:05

Health: -2/32      AC: -1    Str: 10    XL:     5   Next: 79%
Magic:  5/5        EV: 16    Int: 12    God:    Qazlal [......]
Gold:   123        SH:  0    Dex: 16    Spells: 4/4 levels left

rFire    . . .     SeeInvis .   a - +2 whip (elec)
rCold    . . .     Gourm    .   (shield restricted)
rNeg     . . .     Faith    .   c - +0 leather armour
rPois    .         Spirit   .   (no helmet)
rElec    .         Reflect  .   (no cloak)
rCorr    .         Harm     .   (no gloves)
MR       .....                  (no boots)
Stlth    ++........             (no amulet)
HPRegen  0.10/turn              h - -4 ring of protection (curse)
MPRegen  0.09/turn              (no ring)

@: no status effects
A: small, carnivore
a: Renounce Religion


You were on level 2 of the Dungeon.
You worshipped Qazlal.
Qazlal was noncommittal.
You were not hungry.

You visited 1 branch of the dungeon, and saw 3 of its levels.

You collected 123 gold pieces.

Inventory:

Hand Weapons
 a - a +2 whip of electrocution (weapon)
   (You took it off Robin on level 2 of the Dungeon)
 b - a +1 hand crossbow
Missiles
 d - 58 bolts
Armour
 c - a +0 leather armour (worn)
 i - a +0 cloak
   (You found it on level 1 of the Dungeon)
 m - a +0 helmet
   (You took it off Robin on level 2 of the Dungeon)
Jewellery
 h - a cursed -4 ring of protection (left hand)
   (You found it on level 1 of the Dungeon)
Potions
 e - a potion of magic
 g - 2 potions of curing {unknown}
 j - a potion of ambrosia {unknown}
 k - a potion of might {unknown}
 l - a potion of resistance {unknown}
Comestibles
 f - 4 rations


   Skills:
 + Level 3.5 Fighting
 + Level 1.7 Maces & Flails
 + Level 5.7 Crossbows
 + Level 3.8 Dodging
 - Level 2.3 Stealth


You had 4 spell levels left.
You didn't know any spells.
Your spell library was empty.

Dungeon Overview and Level Annotations

Branches:
Dungeon (3/15)

Altars:
Qazlal

Annotations:
D:3 Ijyb


Innate Abilities, Weirdness & Mutations

You are small and have problems with some larger weapons.
You are carnivorous and can eat meat at any time.


Message History

A hobgoblin comes into view.
There is a stone staircase leading down here.
You hear the crackle of electricity.
a - a +2 whip of electrocution (weapon)
The hobgoblin completely misses you.
You barely miss the hobgoblin. The hobgoblin closely misses you.
You hit the hobgoblin but do no damage. The hobgoblin barely misses you.
You closely miss the hobgoblin. The hobgoblin hits you.
You take 1 damage, and have 31/32 hp.
You barely miss the hobgoblin. The hobgoblin hits you.
You take 3 damage, and have 28/32 hp.
You closely miss the hobgoblin. The hobgoblin closely misses you. x2
You hit the hobgoblin. The hobgoblin closely misses you.
You closely miss the hobgoblin. The hobgoblin barely misses you.
You closely miss the hobgoblin. The hobgoblin hits you.
You take 1 damage, and have 27/32 hp.
You hit the hobgoblin.
You kill the hobgoblin!
Qazlal accepts your kill.
You aren't carrying any scrolls.
j - a bubbling blue potion You hear the rusting of a distant drain.
d - 62 bolts (gained 1)
A kobold comes into view. It is wielding a whip.
You regained 2 hp, and now have 31/32 hp.
A kobold comes into view. It is wielding a dagger of freezing.
The kobold shouts!
You hear a shout! x2
A gnoll comes into view. It is wielding a flail.
The kobold throws a stone.
The stone barely misses you.
You see here a stone.
Health restored: 32 You hit the kobold.
You kill the kobold!
Qazlal accepts your kill.
The kobold throws a stone.
The stone closely misses you.
A gnoll comes into view.
The gnoll shouts!
The kobold throws a stone.
The stone hits you but does no damage.
You see here a stone.
The kobold misses you.
You closely miss the kobold.
A gnoll comes into view.
The kobold hits you with a dagger of freezing.
The kobold freezes you.
You take 6 damage, and have 26/32 hp.
You barely miss the gnoll.
The gnoll shouts!
The kobold hits you with a dagger of freezing.
The kobold freezes you.
You take 6 damage, and have 20/32 hp.
You barely miss the gnoll. The gnoll closely misses you.
The kobold hits you with a dagger of freezing.
The kobold freezes you.
You take 4 damage, and have 16/32 hp.
The gnoll misses you.
You see here a stone.
You see here 2 stones.
Your +2 whip of electrocution stops crackling.
b - a +1 hand crossbow (weapon)
The gnoll misses you.
Firing (i - inventory)
d - 62 bolts (quivered)
Aim: a gnoll You shoot a bolt.
The bolt hits the gnoll.
The gnoll misses you.
Firing (i - inventory)
d - 61 bolts (quivered)
Aim: a gnoll (heavily wounded)
You shoot a bolt.
The bolt hits the gnoll but does no damage.
The gnoll hits you.
You take 1 damage, and have 16/32 hp.
Firing (i - inventory)
d - 60 bolts (quivered)
Aim: a gnoll (heavily wounded)
You shoot a bolt. The bolt hits the gnoll.
The gnoll hits you!
* * * LOW HITPOINT WARNING * * *
You take 7 damage, and have 9/32 hp.
MASSIVE DAMAGE!!
Firing (i - inventory)
d - 59 bolts (quivered)
Aim: a gnoll (severely wounded)
You shoot a bolt. The bolt hits the gnoll!
You kill the gnoll!
Qazlal accepts your kill.
You see here a robe.
There is a stone staircase leading up here.
The kobold completely misses you.
You climb upwards.
There is a stone staircase leading down here.
You hear the crackle of electricity.
a - a +2 whip of electrocution (weapon)
You are too injured to fight recklessly!
You are too injured to fight recklessly!
You barely miss the kobold.
The kobold hits you with a dagger of freezing.
* * * LOW HITPOINT WARNING * * *
The kobold freezes you.
* * * LOW HITPOINT WARNING * * *
You take 7 damage, and have 4/32 hp.
MASSIVE DAMAGE!!
Unknown command.
You closely miss the kobold. The kobold closely misses you.
The kobold hits you with a dagger of freezing.
You die...

#.######.#...#############
#.........................
#.#########..#############
########.........................
.)...........#####..############.
.......####.#....................
.......'..<...###################
.......###..>....................
...............K@................
.................###.##...#......
.................'...##...#......
........#........###........####.
........##.#.....'...............
......>.##.##....###.....#..####.
.....#####........##.........# #.
.....'..##..................(###.
.....##.##........#..........##..


You could see a kobold.

Vanquished Creatures
  Jessica (D:2)
  Terence (D:2)
  Robin (D:2)
  A gnoll (D:3)
  2 adders (D:2)
  2 worms (D:2)
  4 dart slugs (D:1)
  3 leopard geckos
  2 giant cockroaches
  10 goblins
  11 hobgoblins
  2 ball pythons (D:1)
  6 bats
  2 frilled lizards (D:2)
  14 kobolds
  4 rats
66 creatures vanquished.

Notes
Turn   | Place    | Note
-------+----------+-------------------------------------------
     0 | D:1      | mhoghedin the Kobold Hunter began the quest for the Orb.
     0 | D:1      | Reached XP level 1. HP: 12/12 MP: 1/1
   114 | D:1      | Reached skill level 5 in Crossbows
   114 | D:1      | Reached XP level 2. HP: 17/18 MP: 2/2
   122 | D:1      | Reached skill level 2 in Stealth
   312 | D:1      | Reached XP level 3. HP: 18/22 MP: 3/3
   437 | D:1      | Reached skill level 3 in Dodging
   599 | D:2      | Noticed Robin
   858 | D:2      | Noticed Terence
   871 | D:2      | Killed Terence
   871 | D:2      | Reached skill level 3 in Fighting
   871 | D:2      | Reached skill level 1 in Maces & Flails
   871 | D:2      | Reached XP level 4. HP: 21/28 MP: 4/4
  1124 | D:2      | Noticed Jessica
  1125 | D:2      | Killed Jessica
  1125 | D:2      | Reached XP level 5. HP: 32/32 MP: 5/5
  1194 | D:2      | Found a stormy altar of Qazlal.
  1515 | D:2      | Killed Robin
  1607 | D:2      | Became a worshipper of Qazlal Stormbringer
  1646 | D:3      | Noticed Ijyb
  1665 | D:3      | HP: 7/32 [acid (13)]
  2019 | D:2      | HP: 6/32 [kobold/dagger of freezing (5)]
  2024 | D:2      | Slain by a kobold

Vault maps used:
D:1:      lightli_arrival_windingriver
D:2:      lemuel_crystal_altar, uniq_terence, uniq_robin, uniq_jessica
D:3:      portal_sewer_entry_f, uniq_grinder, uniq_ijyb

Skill      XL: |  1  2  3 |
---------------+----------+-----
Crossbows      | 5 |  5.7
Stealth        | 2 |  2.3
Dodging        | 3 |  3.8
Fighting       | 3 |  3.5
Maces & Flails | 1 |  1.7

Action                   |  1- 3 |  4- 6 || total
-------------------------+-------+-------++-------
Melee: Whip              |    27 |    20 ||    47
 Fire: Hand crossbow     |    66 |    64 ||   130
  Use: Scroll            |     1 |     1 ||     2
  Eat: Chunk             |     3 |     3 ||     6
Dodge: Dodged            |    50 |    32 ||    82

Table legend:
 A = Non-vault XP
 B = Vault XP
 C = Vault XP percentage of total XP
 D = Non-vault monster count
 E = Vault monster count
 F = Vault count percentage of total count
                 A         B        C        D         E       F
            +---------+---------+-------+---------+---------+-------
      Total |     135 |     107 |  44.2 |      53 |      13 |  19.7
            +---------+---------+-------+---------+---------+-------
        D:1 |      53 |       2 |   3.6 |      27 |       1 |   3.6
        D:2 |      60 |     105 |  63.6 |      21 |      12 |  36.4
        D:3 |      22 |       0 |   0.0 |       5 |       0 |   0.0
            +---------+---------+-------+---------+---------+-------

Vault maps used:
D:1:      lightli_arrival_windingriver
D:2:      lemuel_crystal_altar, uniq_terence, uniq_robin, uniq_jessica
D:3:      portal_sewer_entry_f, uniq_grinder, uniq_ijyb

Table legend:
 A = Turns spent in this place as a percentage of turns spent in the entire game.
 B = Non-inter-level travel turns spent in this place as a percentage of non-inter-level travel turns spent in the entire game.
 C = Inter-level travel turns spent in this place as a percentage of turns spent in this place.
 D = Turns resting spent in this place as a percentage of non-inter-level travel turns spent in this place.
 E = Turns spent auto-exploring this place as a percentage of non-inter-level travel turns spent in this place.
 F = Non-inter-level travel turns spent in this place divided by the number of levels of this place that you've seen.
                   A       B       C       D       E      F
               +-------+-------+-------+-------+-------+----------------------
         Total | 100.0 | 100.0 |   3.9 |  25.7 |  54.5 | 648.3
       Dungeon | 100.0 | 100.0 |   3.9 |  25.7 |  54.5 | 648.3
               +-------+-------+-------+-------+-------+----------------------

Table legend:
 A = Kills in this place as a percentage of kills in entire the game.
 B = Kills by you in this place as a percentage of kills by you in the entire game.
 C = Kills by friends in this place as a percentage of kills by friends in the entire game.
 D = Other kills in this place as a percentage of other kills in the entire game.
 E = Experience gained in this place as a percentage of experience gained in the entire game.
 F = Experience gained in this place divided by the number of levels of this place that you have seen.
                   A       B       C       D       E      F
               +-------+-------+-------+-------+-------+----------------------
         Total | 100.0 | 100.0 |   N/A |   N/A | 100.0 |  80.7
       Dungeon | 100.0 | 100.0 |   N/A |   N/A | 100.0 |  80.7
               +-------+-------+-------+-------+-------+----------------------
